 Dungeon Crawl Stone Soup version 0.23.2-40-g277498a001 (webtiles) character file.

Game seed: 15578905421539327503

109 ilSommo the Skirmisher (level 4, -5/35 HPs)
             Began as a Mummy Chaos Knight on Oct 21, 2019.
             Was a Plaything of Xom.
             Slain by Terence the guardian serpent (glowing shapeshifter) (19 damage)
             ... on level 2 of the Dungeon.
             The game lasted 00:04:19 (1603 turns).

ilSommo the Skirmisher (Mummy Chaos Knight)         Turns: 1603, Time: 00:04:20

Health: -5/35      AC:  7    Str: 16    XL:     4   Next: 60%
Magic:  4/6        EV:  9    Int: 11    God:    Xom [..*...]
Gold:   73         SH:  3    Dex: 11    Spells: 6/6 levels left

rFire    x . .     SeeInvis .   a - +0 falchion (chaos)
rCold    + . .     Gourm    .   k - +0 buckler
rNeg     + + +     Faith    .   j - +0 scale mail
rPois    ∞         Spirit   .   (no helmet)
rElec    .         Reflect  .   h - +0 cloak
rCorr    .         Harm     .   (no gloves)
MR       +....                  (no boots)
Stlth    ..........             (no amulet)
HPRegen  0.11/turn              e - ring of protection from magic
MPRegen  0.10/turn              (no ring)

@: no status effects
A: no food or potions, fire vulnerability, cold resistance 1, negative energy
resistance 3, torment resistance, unbreathing
a: Renounce Religion


You were on level 2 of the Dungeon.
You worshipped Xom.
You were a toy of Xom.
You were not hungry.

You visited 1 branch of the dungeon, and saw 2 of its levels.

You collected 73 gold pieces.

Inventory:

Hand Weapons
 a - a +0 falchion of chaos (weapon)
Armour
 b - a +2 leather armour
 h - a +0 cloak (worn)
 j - a +0 scale mail (worn)
 k - a +0 buckler (worn)
Magical Staves
 g - an uncursed staff of poison
Jewellery
 e - a ring of protection from magic (left hand)
Scrolls
 c - a scroll of magic mapping {unknown}
 d - a scroll of remove curse {unknown}
 f - 2 scrolls of identify {unknown}
 i - a scroll of amnesia {unknown}


   Skills:
 + Level 3.4 Fighting
 * Level 3.1 Long Blades
 + Level 2.1 Armour
 + Level 1.5 Dodging
 * Level 0.6 Shields
 + Level 1.7 Spellcasting


You had 6 spell levels left.
You didn't know any spells.
Your spell library was empty.

Dungeon Overview and Level Annotations

Branches:
Dungeon (2/15)

Altars:
Xom

Annotations:
D:2 Terence


Innate Abilities, Weirdness & Mutations

You do not eat or drink.
Your flesh is vulnerable to fire.
You are immune to poison.
Your flesh is cold resistant. (rC+)
You are immune to negative energy. (rN+++)
You are immune to unholy pain and torment.
You can survive without breathing.


Message History

You hit Terence but do no damage.
Terence the merfolk changes into a mana viper!
You barely miss Terence. Terence bites you.
You feel your power leaking away.
You closely miss Terence.
Terence the mana viper changes into a komodo dragon!
You hit Terence but do no damage. You drain Terence.
Terence is lightly wounded.
Terence the komodo dragon changes into a guardian serpent!
You closely miss Terence. Terence barely misses you.
You riposte.
You barely miss Terence.
Terence says, "Don't bother to defend, it's useless."
Terence hits you!!
Ouch! That really hurt!
You are too injured to fight recklessly!
You are too injured to fight recklessly!
Terence hits you!!
Ouch! That really hurt!
You die...
Xom laughs nastily!

#.# ######### #.#
........# #.#
#.####.#####.####
#...............## ##
#.##.......#.#...###...#
..#........#.....K.....#
....%......###..S###.$.#
..#........<# ##@## # .
#.........# #$#
##....†...# #.#
#........####^#
#.............#
##.#####.###.## #. #.#
#.# #. #.# #.# #.# #.#


You could see Terence the guardian serpent shaped shifter and a kobold.

Vanquished Creatures
  Natasha (twice) (D:2)
  An ooze (D:1)
  A worm (D:2)
  A leopard gecko (D:1)
  6 bats
  A giant cockroach (D:1)
  8 goblins
  5 hobgoblins (D:1)
  A kobold (D:1)
  2 frilled lizards
  2 rats
30 creatures vanquished.

Vanquished Creatures (collateral kills)
  Natasha (D:2)
1 creature vanquished.

Grand Total: 31 creatures vanquished

Notes
Turn   | Place    | Note
-------+----------+-------------------------------------------
     0 | D:1      | ilSommo the Mummy Chaos Knight began the quest for the Orb.
     0 | D:1      | Reached XP level 1. HP: 18/18 MP: 1/1
    27 | D:1      | XOM: divination: detect creatures
    40 | D:1      | XOM: harmless Tloc miscast
    67 | D:1      | XOM: silly message
    68 | D:1      | Reached XP level 2. HP: 24/24 MP: 2/2
    79 | D:1      | Reached skill level 1 in Dodging
   237 | D:1      | XOM: god gift: knobbly runed staff {god gift}
   432 | D:1      | Reached skill level 1 in Spellcasting
   487 | D:1      | Reached XP level 3. HP: 28/29 MP: 4/4
   574 | D:1      | XOM: god gift: scale mail {god gift}
   586 | D:1      | XOM: noise
   756 | D:2      | Noticed Natasha
   774 | D:2      | Killed Natasha
   891 | D:2      | Noticed Natasha
   904 | D:2      | XOM: summons friendly shadow imp
   904 | D:2      | XOM: butterfly on damage
   906 | D:2      | Killed Natasha
   906 | D:2      | Reached XP level 4. HP: 10/35 MP: 6/6
  1141 | D:2      | Noticed Natasha
  1159 | D:1      | XOM: cloud trail
  1276 | D:2      | Killed Natasha
  1290 | D:2      | XOM: scenery: create altars
  1591 | D:2      | Noticed Terence
  1595 | D:2      | Noticed Terence
  1595 | D:2      | Terence changed into Terence the glowing shapeshifter
  1595 | D:2      | Noticed Terence
  1595 | D:2      | Terence the glowing shapeshifter changed into Terence the
                  | merfolk
  1597 | D:2      | Noticed Terence
  1597 | D:2      | Terence the merfolk changed into Terence the mana viper
  1599 | D:2      | Noticed Terence
  1599 | D:2      | Terence the mana viper changed into Terence the komodo
                  | dragon
  1600 | D:2      | Noticed Terence
  1600 | D:2      | Terence the komodo dragon changed into Terence the guardian
                  | serpent
  1603 | D:2      | Slain by Terence the guardian serpent (glowing
                  | shapeshifter)

Skill      XL: |  1  2  3 |
---------------+----------+-----
Dodging        | 1 |  1.5
Spellcasting   | 1 |  1.7
Long Blades    | 3 |  3.1
Armour         | 2 |  2.1
Fighting       | |  3.4
Shields        | |  0.6

Action                   |  1- 3 |  4- 6 || total
-------------------------+-------+-------++-------
Melee: Falchion          |    58 |    21 ||    79
       Staff             |    19 |       ||    19
 Stab: Paralysed         |     3 |       ||     3
Armor: Leather armour    |    25 |       ||    25
       Scale mail        |     8 |     2 ||    10
Dodge: Dodged            |    39 |     5 ||    44
Block: Buckler           |     1 |     1 ||     2
       Rpst.: Falchion   |     8 |     2 ||    10
